 Dungeon Crawl Stone Soup version 0.21-a0-200-gb89f83b (webtiles) character file.

48 tehllama the Insei (level 3, -4/23 HPs)
             Began as an Octopode Transmuter on Aug 16, 2017.
             Slain by a worm (7 damage)
             ... on level 2 of the Dungeon.
             The game lasted 00:01:33 (886 turns).

tehllama the Insei (Octopode Transmuter)             Turns: 886, Time: 00:01:33

Health: -4/23      AC:  1    Str: 10    XL:     3   Next: 72%
Magic:  6/6        EV: 13    Int: 15    God:
Gold:   38         SH:  0    Dex: 12    Spells: 5/6 levels left

rFire    . . .     SeeInvis .     - Unarmed
rCold    . . .     Gourm    .   (no shield)
rNeg     . . .     Faith    .   (helmet restricted)
rPois    .         Spirit   .   (no amulet)
rElec    .         Reflect  .   (no ring)
rCorr    .         Harm     .   (no ring)
MR       .....                  (no ring)
Stlth    +++.......             (no ring)
HPRegen  0.07/turn              (no ring)
MPRegen  0.10/turn              (no ring)
                                (no ring)
                                (no ring)

@: no status effects
A: almost no armour, stealthy swim, amphibious, 8 rings, constrict 8, camouflage
1, gelatinous body 1
a: no special abilities


You were on level 2 of the Dungeon.
You were not hungry.

You visited 1 branch of the dungeon, and saw 2 of its levels.

You collected 38 gold pieces.

Inventory:

Missiles
 a - 50 arrows
Jewellery
 d - an uncursed amulet of guardian spirit {unknown}
 r - an uncursed amulet of regeneration {unknown}
Scrolls
 e - 5 scrolls of enchant armour {unknown}
 g - a scroll of teleportation {unknown}
 i - a scroll of immolation {unknown}
 j - a scroll of amnesia {unknown}
 l - a scroll of enchant weapon {unknown}
 m - a scroll of blinking {unknown}
 o - a scroll of noise {unknown}
Potions
 h - 2 potions of resistance {unknown}
 k - 2 potions of curing {unknown}
Books
 b - a book of Changes

   Spells                             Type                      Level
   a - Beastly Appendage              Transmutation                1
   b - Sticks to Snakes               Transmutation                2
   c - Spider Form                    Transmutation/Poison         3
   d - Ice Form                       Ice/Transmutation            4
   e - Blade Hands                    Transmutation                5
Comestibles
 c - a bread ration
 f - a chunk of flesh
 n - a royal jelly
 p - 2 meat rations
 q - 4 fruits


   Skills:
 - Level 1.0 Fighting
 - Level 2.0 Dodging
 + Level 1.3 Stealth
 + Level 4.4 Unarmed Combat
 - Level 2.0 Spellcasting
 - Level 2.0 Transmutations


You had 5 spell levels left.
You knew the following spells:

 Your Spells              Type           Power        Failure   Level  Hunger
a - Beastly Appendage     Tmut           #.....       10%         1    #......


Dungeon Overview and Level Annotations

Branches:
Dungeon (2/15)

Altars:


Innate Abilities, Weirdness & Mutations

You cannot wear most types of armour.
You are very stealthy in the water. (Stealth+)
You are amphibious.
You can wear up to eight rings at the same time.
You can use your tentacles to constrict eight enemies at once.
Your skin changes colour to match your surroundings (Stealth+).
Your rubbery body absorbs attacks. (AC +1, EV +1)


Message History

You are too injured to fight recklessly!
You tentacle-slap the adder.
The adder is almost dead.
You constrict the adder.
You kill the adder!
Your Stealth skill increases to level 1!
You tentacle-slap the worm but do no damage.
Your grab misses the worm.
Your tentacle spike misses the worm.
The worm bites you!
* * * LOW HITPOINT WARNING * * *
The rat closely misses you.
You tentacle-slap the worm. Your grab misses the worm.
You pierce the worm, but do no damage.
The worm is lightly wounded.
You tentacle-slap the worm but do no damage.
You grab the worm.
The worm is lightly wounded.
Your tentacle spike disappears.
You constrict the worm. The rat barely misses you. The worm bites you!
You die...

....#
#.#...............#
....#
#.................#
....#
##................#
.
#..............).#
.
#................#
#................#
#.####'#........#
#.########## #@#
#.....rw# #.......#
#.......# #.......#
#.......# #.).....#
#####....


You could see a worm and a rat.

Vanquished Creatures
  An adder (D:2)
  An ooze (D:2)
  A dart slug (D:2)
  A leopard gecko (D:1)
  A ball python (D:1)
  4 giant cockroaches
  4 goblins
  3 hobgoblins
  A quokka (D:2)
  2 bats
  2 frilled lizards (D:2)
  7 kobolds
  2 rats (D:1)
30 creatures vanquished.

Notes
Turn   | Place    | Note
-------+----------+-------------------------------------------
     0 | D:1      | tehllama the Octopode Transmuter began the quest for the Orb.
     0 | D:1      | Reached XP level 1. HP: 13/13 MP: 3/3
   161 | D:1      | Reached XP level 2. HP: 18/18 MP: 5/5
   500 | D:1      | Reached skill level 4 in Unarmed Combat
   640 | D:2      | Reached XP level 3. HP: 18/23 MP: 6/6
   883 | D:2      | Reached skill level 1 in Stealth
   886 | D:2      | Slain by a worm

Vault maps used:
D:1:      nicolae_arrival_somewhat_less_tricky_arrival, minmay_misc_feat_roman
D:2:      chequers_ecumenical_altar_grove

Skill      XL: |  1  2  3 |
---------------+----------+-----
Unarmed Combat | 4 |  4.4
Stealth        | 1 |  1.3
Fighting       | |  1.0
Dodging        | |  2.0
Spellcasting   | |  2.0
Transmutations | |  2.0

Action                   || total
-------------------------++-------
Melee: Unarmed           ||    51
       Tentacles         ||    14
       Constrict         ||    16
       Kick              ||     3
 Cast: Beastly Appendage ||    14
 Stab: Sleeping          ||     5
Armor: Skin              ||     2
Dodge: Dodged            ||    26
